 Dungeon Crawl Stone Soup version 0.16-a0-1167-g3157814 (webtiles) character file.

140511 MackTheKnife the Carver (level 16, -6/134 HPs)
             Began as a Demigod Air Elementalist on Oct 8, 2014.
             Killed from afar by a deep elf mage (23 damage)
             ... with an orb of energy
             ... on level 3 of the Elven Halls on Oct 9, 2014.
             The game lasted 02:21:16 (45736 turns).

MackTheKnife the Carver (Demigod Air Elementalist) Turns: 45736, Time: 02:21:17

Health: -6/134     AC: 16    Str: 14    XL:     16   Next: 24%
Magic:  0/35       EV: 20    Int: 27    God:
Gold:   572        SH:  0    Dex: 20    Spells: 7 memorised, 15 levels left

rFire  + + .     SeeInvis .     a - +11 great sword "Dragon's Tongue" {slice, +Rage rElec rF+}
rCold  + + .     Clarity  .     z - +3 leather armour "Jiem" {+Blink rF+ rC+}
rNeg   + . .     SustAb   .     (no shield)
rPois  .         Gourm    .     y - +2 hat {Spirit}
rElec  +         Spirit   +     B - +1 cloak
rCorr  .         Warding  +     K - +2 pair of gloves {Str+3}
rMut   .         Stasis   .     R - +1 pair of boots
MR     +++..                    d - macabre finger necklace {Ward rN+}
Stlth  +++.......               F - ring of protection from cold
                                C - ring of protection from magic
                                G - ring of protection from magic

@: about to teleport, very slightly contaminated, hasted, very quick, extremely
resistant to hostile enchantments, fairly stealthy
A: agile 1
a: Evoke Blink, Evoke Berserk Rage


You were on level 3 of the Elven Halls.
You were not hungry.

You visited 5 branches of the dungeon, and saw 30 of its levels.
You also visited: Ossuary and Volcano.

You collected 3009 gold pieces.
You spent 2437 gold pieces at shops.


Innate Abilities, Weirdness & Mutations

You are agile. (Dex +2)


   Skills:
 - Level 10.0 Fighting
   Level 7.0(10.2) Short Blades
 - Level 11.4(12.2) Long Blades
 - Level 6.4 Armour
 - Level 10.0 Dodging
 - Level 6.3 Stealth
 + Level 9.9 Spellcasting
 + Level 11.0 Conjurations
 + Level 11.2 Air Magic
 - Level 6.8 Evocations


You had 15 spell levels left.
You knew the following spells:

 Your Spells              Type           Power        Failure   Level  Hunger
d - Repel Missiles        Chrm/Air       #####.       1%          2    None
f - Static Discharge      Conj/Air       ######..     1%          3    None
g - Flight                Chrm/Air       #####.....   1%          3    None
s - Swiftness             Chrm/Air       #####...     1%          2    None
w - Conjure Flame         Conj/Fire      #####...     1%          3    None
x - Lightning Bolt        Conj/Air       ######....   1%          5    ###....
z - Shock                 Conj/Air       ####         1%          1    None

Inventory:

Hand weapons
 a - the +11 great sword "Dragon's Tongue" (weapon) {slice, +Rage rElec rF+}
   (You bought it in a shop on level 5 of the Dungeon)

   It inflicts extra damage upon your enemies.
   It protects you from fire.
   It insulates you from electricity.
   It lets you go berserk.
Armour
 y - a +2 hat of spirit shield (worn)
 z - the +3 leather armour "Jiem" (worn) {+Blink rF+ rC+}
   (You found it on level 1 of the Lair of Beasts)

   It protects you from fire.
   It protects you from cold.
   It lets you blink.
 B - a +1 cloak (worn)
 K - a +2 pair of gloves of strength (worn)
 R - a +1 pair of boots (worn)
Magical devices
 e - a wand of heal wounds (0)
 g - a wand of teleportation (4)
 l - a wand of cold (7)
 N - a wand of fire (1)
 P - a wand of cold (6)
 S - a wand of disintegration (13)
 T - a wand of hasting (2)
 X - a wand of draining (2)
Comestibles
 c - 3 bread rations
 k - 35 fruits
 v - 3 royal jellies
 U - 2 meat rations
 Y - a beef jerky
Scrolls
 n - 3 scrolls of blinking
 q - 6 scrolls of amnesia
 r - 2 scrolls of identify
 t - 2 scrolls of fog
 x - 8 scrolls of remove curse
 H - 7 scrolls of magic mapping
 O - a scroll of fear
 Z - a scroll of enchant weapon
Jewellery
 d - the macabre finger necklace (around neck) {Ward rN+}
   (You found it on level 1 of the Lair of Beasts)

   [amulet of warding]

   It may prevent the melee attacks of summoned creatures.
   It protects you from negative energy.
 i - an uncursed amulet of clarity
 C - a ring of protection from magic (left hand)
 D - an uncursed ring of positive energy
 F - a ring of protection from cold (right hand)
 G - a ring of protection from magic (on amulet)
 J - an uncursed ring of wizardry
Potions
 j - 2 potions of agility
 o - 2 potions of curing
 s - 2 potions of cancellation
 u - 2 potions of brilliance
 w - a potion of magic
 E - 4 potions of resistance
 L - 3 potions of berserk rage
 M - 4 potions of restore abilities
Miscellaneous
 V - a phial of floods (inert)
Rods
 b - a +9 rod of the swarm (9/9) {!a}
   (You found it on level 13 of the Dungeon)

◦◦◦◦◦◦◦◦◦░░◦◦◦◦◦◦◦░░░
▒···
◦◦◦◦◦◦◦◦░░░◦◦◦◦◦◦◦░◦░
▒··· ◦◦◦◦◦◦◦◦░
░░◦◦◦◦◦░░◦░ ▒▒··
◦◦◦◦◦◦◦◦░ ░▒◦◦◦░░◦◦░
▒··
◦◦◦◦◦◦░░░▒▒▒▒'░░░◦◦◦░
▒▒▒
░░░░░░░◦◦e····▒░◦◦◦◦▒
░◦◦◦◦◦·····)▒▒▒◦*▒
░◦◦◦◦·······%·▒·e▒ ░
░░◦◦◦◦········p'▒◦░
░░░◦◦◦◦◦··········▒░░
◦░◦◦◦◦◦◦◦▒'▒·······▒
◦+◦◦◦◦◦◦░░◦▒▒······▒
◦+◦◦◦◦◦░░◦◦◦▒▒·····▒
▒▒▒
◦+◦◦◦◦◦░◦◦◦◦◦▒e···(▒
▒··
◦+◦◦◦◦◦░░◦◦◦░▒·····▒
▒▒··
◦+◦◦◦◦◦◦░░◦░░······▒
▒···
◦░◦◦◦◦◦◦◦░░░◦◦◦···◦░
▒▒···


You could see a deep elf annihilator (wandering), a deep elf sorcerer and a deep
elf mage.


Message History

Evoke which item? (* to show all) (? for menu, Esc to quit)
Aim the phial where?
Aim: a large abomination (moderately damaged)
The flood of elemental water hits the large abomination.
The large abomination is moderately damaged.
Splash!
You fall into the shallow water.
Moving in this stuff is going to be slow.
The water rises up and takes form.
Unknown command.
Unknown command.
Drink which item? (? for menu, Esc to quit)
You feel better.
Your surroundings suddenly seem different.
A deep elf sorcerer comes into view. It is wielding a short sword.
The deep elf sorcerer shouts!
A deep elf mage comes into view. It is wielding a long sword.
The deep elf mage shouts!
The deep elf mage mumbles some strange words.
The deep elf mage conjures a globe of magical energy!
Found a meat ration, two daggers and 20 stones.
Evoke which item? (* to show all) (? for menu, Esc to quit)
Zapping:
g - a wand of teleportation (5)
You feel strangely unstable.
This wand has 4 charges left.
The deep elf sorcerer gestures at you while chanting.
The hellfire explodes!
The blast of hellfire engulfs you!
* * * LOW HITPOINT WARNING * * *
The deep elf mage points at you and mumbles some strange words.
The orb of energy hits you!
You die...

Action                   |  1- 3 |  4- 6 |  7- 9 | 10-12 | 13-15 | 16-18 || total
-------------------------+-------+-------+-------+-------+-------+-------++-------
Melee: Mace              |    55 |       |       |       |       |       ||    55
       Dagger            |    55 |    24 |   120 |   802 |   143 |       ||  1144
       War axe           |       |   204 |   119 |       |       |       ||   323
       Great sword       |       |       |       |       |  1217 |    70 ||  1287
Throw: Javelin           |       |     1 |     2 |     2 |       |       ||     5
 Cast: Shock             |    63 |    87 |   211 |   163 |    43 |       ||   567
       Static Discharge  |     9 |    24 |    66 |   149 |    76 |       ||   324
       Swiftness         |       |       |     2 |     6 |     4 |       ||    12
       Lightning Bolt    |       |       |     1 |   112 |   161 |     8 ||   282
       Repel Missiles    |       |       |       |     2 |     6 |     1 ||     9
       Conjure Flame     |       |       |       |       |     4 |       ||     4
       Flight            |       |       |       |       |     2 |       ||     2
Evoke: Wand              |       |       |       |     8 |    19 |     3 ||    30
       Disc of storms    |       |       |       |     2 |       |       ||     2
       Rod               |       |       |       |       |     3 |       ||     3
       Phial of floods   |       |       |       |       |       |     1 ||     1
  Use: Scroll            |     7 |     9 |     7 |    18 |    26 |     1 ||    68
       Potion            |       |     2 |       |     9 |     8 |     6 ||    25
 Stab: Sleeping          |     1 |     4 |     7 |     3 |    14 |       ||    29
       Distracted        |       |     1 |     1 |     3 |     2 |     1 ||     8
       Petrified         |       |       |       |     2 |       |       ||     2
       Confused          |       |       |       |       |     1 |       ||     1
       Invisible         |       |       |       |       |       |     2 ||     2
  Eat: Chunk             |     7 |     8 |    16 |    30 |    54 |       ||   115
       Beef jerky        |       |     1 |     2 |       |       |       ||     3
       Bread ration      |       |     1 |       |     5 |     3 |     1 ||    10
       Royal jelly       |       |       |     1 |     2 |     8 |       ||    11
       Meat ration       |       |       |     1 |       |       |       ||     1
       Pizza             |       |       |       |     5 |     4 |       ||     9
       Fruit             |       |       |       |     1 |     2 |       ||     3

Vault maps used:
D:1:      minmay_arrival_widening_spiral_wide
D:2:      grunt_temple_overflow_open, uniq_iyjb, uniq_sigmund
D:3:      first_bread, glass_columns_a, minmay_gold_behind_plants
D:4:      minmay_temple_entry_large_hall, nicolae_ossuary_entry_plus,
          uniq_blork_the_orc
D:5:      kennysheep_little_box, serial_shops, shop, uniq_menkaure
D:6:      grunt_ministairs_2
D:7:      grunt_temple_overflow_order_and_chaos_1
D:8:      lair_0_dummy
D:9:      david_orc_2, serial_shops, shop, grunt_pizzeria, eino_jars
D:10:     kennysheep_big_flooded_room, serial_shops,
          nicolae_shop_window_shopping
D:11:     hex_large, uniq_nessos
D:13:     hangedman_vaults_entry_quadrant_bands, hangedman_decor_slide_cut,
          lemuel_nasty_fountain, uniq_harold, uniq_maurice
D:14:     roderic_lattice_octagonal_star
Temple:   circular_temple_12
Orc:2:    basic_altar, serial_shops, shop
Orc:3:    nicolae_orc_pool_cavern
Orc:4:    nicolae_orc_accident_1, basic_altar, st_orc_mages
Elf:1:    serial_shops, shop, orc_legates
Elf:3:    nooodl_elf_gasket, serial_shops, shop
Lair:1:   uniq_gastronok
Lair:2:   lemuel_fruit_tree
Lair:3:   enter_volcano_1
Lair:4:   dummy_snake_entry, special_room, grunt_megastairs_4
Lair:5:   lemuel_centaur_altar, uniq_rupert, uniq_nergalle
Lair:6:   boulder_dual_corridor_run, nicolae_swamp_entry_splash_gauntlet,
          slime_altar_1, st_stairs_13, fungi_pond_lemuel
Lair:7:   grunt_megastairs_2, serial_bayou_shore_a
Lair:8:   evil_forest, grunt_forest_stairs_basic
Ossuary:  ossuary_due_pyramid
Volcano:  volcano_pools

Notes
Turn   | Place    | Note
--------------------------------------------------------------
     0 | D:1      | MackTheKnife, the Demigod Air Elementalist, began the quest for the Orb.
     0 | D:1      | Reached XP level 1. HP: 14/14 MP: 3/3
   154 | D:1      | Reached skill level 1 in Conjurations
   320 | D:1      | Reached skill level 2 in Spellcasting
   539 | D:1      | Reached XP level 2. HP: 20/20 MP: 5/5
   543 | D:1      | Learned a level 2 spell: Swiftness
   660 | D:1      | Reached skill level 3 in Air Magic
  1570 | D:2      | Reached XP level 3. HP: 26/26 MP: 6/8
  1727 | D:2      | Learned a level 3 spell: Static Discharge
  1749 | D:2      | Found a blossoming altar of Fedhas.
  1749 | D:2      | Found a deep blue altar of Sif Muna.
  1751 | D:2      | Found a glowing golden altar of the Shining One.
  1751 | D:2      | Noticed Ijyb
  1753 | D:2      | Found an opulent altar of Gozag.
  1817 | D:2      | Killed Ijyb
  1817 | D:2      | Reached skill level 2 in Conjurations
  2088 | D:2      | Noticed Sigmund
  2772 | D:2      | Reached XP level 4. HP: 31/33 MP: 5/11
  3553 | D:3      | Reached skill level 3 in Spellcasting
  3553 | D:3      | Reached XP level 5. HP: 28/38 MP: 5/14
  3615 | D:3      | Reached skill level 3 in Conjurations
  4653 | D:3      | Reached skill level 4 in Air Magic
  4751 | D:4      | Reached XP level 6. HP: 43/45 MP: 1/17
  4989 | D:4      | Found a staircase to the Ecumenical Temple.
  5024 | D:4      | Noticed Blork the orc
  5036 | D:4      | Found a sand-covered staircase.
  5045 | Ossuary  | Entered an ossuary
  5466 | Ossuary  | Killed Menkaure
  5723 | D:4      | Killed Blork the orc
  5723 | D:4      | Reached skill level 4 in Conjurations
  5989 | D:4      | Reached skill level 4 in Spellcasting
  5989 | D:4      | Reached XP level 7. HP: 32/50 MP: 8/20
  6084 | D:4      | Reached skill level 5 in Air Magic
  6257 | D:4      | Noticed an ogre
  6260 | D:4      | Killed an ogre
  6653 | D:5      | Entered Level 5 of the Dungeon
  7333 | D:5      | Found Elenibluru's Antique Weapon Shoppe.
  7341 | D:5      | Reached skill level 5 in Conjurations
  7827 | D:5      | Found a shadowy altar of Dithmenos.
  8395 | D:6      | Reached skill level 6 in Air Magic
  8569 | D:6      | Reached XP level 8. HP: 44/57 MP: 8/21
  8853 | D:6      | Learned a level 2 spell: Repel Missiles
  9172 | D:6      | Reached skill level 6 in Conjurations
  9390 | D:6      | Reached skill level 7 in Air Magic
 10113 | D:7      | Reached skill level 7 in Conjurations
 10200 | D:7      | Reached skill level 1 in Short Blades
 10434 | D:7      | Found a shimmering altar of Xom.
 10434 | D:7      | Noticed an angel
 10446 | D:7      | Reached skill level 2 in Short Blades
 10510 | D:7      | Found a glowing silver altar of Zin.
 10720 | D:7      | Reached skill level 3 in Short Blades
 10739 | D:7      | Reached XP level 9. HP: 58/62 MP: 4/22
 11050 | D:7      | Reached skill level 4 in Short Blades
 11379 | D:7      | Reached skill level 5 in Short Blades
 11541 | Temple   | Entered the Ecumenical Temple
 11842 | D:8      | Reached skill level 6 in Short Blades
 11951 | D:8      | Learned a level 5 spell: Lightning Bolt
 11997 | D:8      | Reached skill level 7 in Short Blades
 12300 | D:8      | Found a staircase to the Lair.
 12562 | D:8      | Noticed a brown ugly thing
 12563 | D:8      | Killed a brown ugly thing
 12563 | D:8      | Reached skill level 8 in Air Magic
 12563 | D:8      | Reached XP level 10. HP: 51/69 MP: 13/25
 13045 | D:9      | Reached skill level 5 in Spellcasting
 13102 | D:9      | Noticed a hill giant
 13124 | D:9      | Killed a hill giant
 13124 | D:9      | Reached skill level 8 in Conjurations
 13254 | D:9      | Noticed a skeletal warrior
 13254 | D:9      | Noticed a skeletal warrior
 13254 | D:9      | Noticed a skeletal warrior
 13254 | D:9      | Noticed a skeletal warrior
 13260 | D:9      | Killed a skeletal warrior
 13614 | D:9      | Reached skill level 9 in Air Magic
 13639 | D:9      | Found a staircase to the Orcish Mines.
 13724 | D:9      | Found Ylomy's General Store.
 13755 | D:9      | Reached skill level 6 in Spellcasting
 13872 | D:9      | Identified a scroll of acquirement
 13931 | D:9      | Killed a skeletal warrior
 14389 | D:9      | Killed a skeletal warrior
 14389 | D:9      | Reached skill level 7 in Spellcasting
 14850 | D:10     | Entered Level 10 of the Dungeon
 14935 | D:10     | Reached skill level 2 in Dodging
 14964 | D:10     | Noticed a hill giant
 14969 | D:10     | Killed a hill giant
 14969 | D:10     | Reached XP level 11. HP: 74/74 MP: 3/29
 15094 | D:10     | Found Choos' Magic Scroll Emporium.
 15109 | D:10     | Bought a scroll of enchant weapon for 105 gold pieces
 15109 | D:10     | Bought 2 scrolls of identify for 56 gold pieces
 15185 | Orc:1    | Entered Level 1 of the Orcish Mines
 15195 | Orc:1    | Reached skill level 3 in Dodging
 15350 | Orc:1    | Reached skill level 4 in Dodging
 16052 | D:5      | Bought a jewelled great sword for 379 gold pieces
 16053 | D:5      | Identified the +11 great sword "Dragon's Tongue" {slice, +Rage rElec rF+} (You bought it in a shop on level 5 of the Dungeon)
 16157 | Lair:1   | Entered Level 1 of the Lair of Beasts
 16220 | Lair:1   | Reached skill level 5 in Dodging
 16337 | Lair:1   | Noticed Gastronok
 16379 | Lair:1   | Killed Gastronok
 16379 | Lair:1   | Reached skill level 6 in Dodging
 16992 | Lair:1   | Got a distressingly furry leather armour
 16993 | Lair:1   | Identified the +3 leather armour "Jiem" {+Blink rF+ rC+} (You found it on level 1 of the Lair of Beasts)
 17067 | Lair:1   | Reached skill level 7 in Dodging
 17731 | Lair:2   | Learned a level 3 spell: Flight
 18354 | Lair:2   | Reached skill level 8 in Dodging
 18531 | Lair:2   | Reached skill level 1 in Fighting
 19181 | Lair:2   | Reached skill level 2 in Fighting
 19635 | Lair:2   | Reached skill level 3 in Fighting
 20013 | Lair:2   | Reached skill level 4 in Fighting
 20406 | Lair:3   | Found a dark tunnel.
 20415 | Volcano  | Entered a volcano
 20435 | Volcano  | Noticed an ogre mage
 20450 | Volcano  | Reached skill level 5 in Fighting
 20477 | Volcano  | Killed an ogre mage
 20477 | Volcano  | Reached XP level 12. HP: 67/95 MP: 4/30
 20583 | Volcano  | Reached skill level 6 in Fighting
 20860 | Lair:3   | Reached skill level 7 in Fighting
 21651 | Lair:4   | Reached skill level 8 in Fighting
 21691 | Lair:4   | Reached skill level 1 in Long Blades
 21726 | Lair:4   | Reached skill level 2 in Long Blades
 22053 | Lair:4   | Noticed an eight-headed hydra
 22080 | Lair:4   | Killed an eight-headed hydra
 22080 | Lair:4   | Reached skill level 3 in Long Blades
 22302 | Lair:4   | Noticed a six-headed hydra
 22343 | Lair:3   | Noticed a catoblepas
 22353 | Lair:3   | Reached skill level 4 in Long Blades
 22358 | Lair:3   | Killed a catoblepas
 22626 | Lair:4   | Reached skill level 5 in Long Blades
 23091 | Lair:4   | Found a staircase to the Snake Pit.
 23244 | Lair:4   | Reached skill level 6 in Long Blades
 23644 | Lair:5   | Noticed Nergalle
 23811 | Lair:5   | Noticed Rupert
 24228 | Orc:2    | Found Saanaak's Magic Scroll Shop.
 24586 | Orc:3    | Reached skill level 7 in Long Blades
 25215 | Orc:4    | Entered Level 4 of the Orcish Mines
 25658 | Orc:4    | Found a radiant altar of Vehumet.
 26018 | Orc:4    | Noticed a stone giant
 26029 | Orc:4    | Killed a stone giant
 26029 | Orc:4    | Reached skill level 8 in Long Blades
 26315 | Orc:4    | Noticed an ettin
 26318 | Orc:4    | Reached XP level 13. HP: 107/107 MP: 15/31
 26671 | Orc:3    | Killed an ettin
 27347 | Orc:2    | Found a roughly hewn altar of Beogh.
 27753 | Orc:2    | Reached skill level 9 in Long Blades
 28419 | Orc:4    | Found Tyoffuor's Distillery.
 28419 | Orc:4    | Found Pucerhebb's Magic Scroll Shoppe.
 28420 | Orc:4    | Found Rolast's General Store.
 28423 | Orc:4    | Found Ligep's Magic Scroll Emporium.
 28426 | Orc:4    | Bought a potion of heal wounds for 39 gold pieces
 28426 | Orc:4    | Bought a potion of heal wounds for 39 gold pieces
 28429 | Orc:4    | Bought a potion of heal wounds for 48 gold pieces
 28431 | Orc:4    | Bought a scroll of enchant armour for 127 gold pieces
 28435 | Orc:4    | Bought a scroll of summoning for 142 gold pieces
 28437 | Orc:4    | Bought a potion of flight for 39 gold pieces
 28440 | Orc:4    | Bought a scroll of enchant weapon for 112 gold pieces
 28444 | Orc:4    | Bought a scroll of enchant weapon for 127 gold pieces
 28554 | Orc:4    | Found a staircase to the Elven Halls.
 28857 | Lair:2   | Upgraded the game from 0.16-a0-1157-gec61f8e to 0.16-a0-1167-g3157814
 28938 | Lair:4   | Killed a six-headed hydra
 29110 | Lair:5   | Reached skill level 10 in Long Blades
 29710 | Lair:6   | Identified a +0 rod of ignition (11/11) (You found it on level 6 of the Lair of Beasts)
 29733 | Lair:6   | Learned a level 3 spell: Conjure Flame
 29827 | Lair:6   | Reached skill level 11 in Long Blades
 29836 | Lair:6   | Found a staircase to the Swamp.
 30390 | Lair:6   | Found a viscous altar of Jiyva.
 30393 | Lair:6   | Found a staircase to the Slime Pits.
 31210 | Lair:7   | Reached skill level 2 in Stealth
 31394 | Lair:7   | Reached skill level 1 in Armour
 31612 | Lair:7   | Reached skill level 3 in Stealth
 31617 | Lair:7   | Reached skill level 2 in Armour
 32494 | Lair:8   | Entered Level 8 of the Lair of Beasts
 32510 | Lair:8   | Reached skill level 4 in Stealth
 32800 | Lair:8   | Reached skill level 1 in Evocations
 32903 | Lair:8   | Reached skill level 2 in Evocations
 33023 | Lair:8   | Reached skill level 5 in Stealth
 33864 | Lair:8   | Reached skill level 3 in Evocations
 34061 | Lair:8   | Reached XP level 14. HP: 102/115 MP: 14/31
 34224 | Lair:8   | Reached skill level 6 in Stealth
 34518 | Lair:8   | Gained mutation: You are agile. (Dex +2) [potion of beneficial mutation]
 34582 | Lair:8   | Reached skill level 4 in Evocations
 34957 | Lair:8   | Reached skill level 5 in Evocations
 35235 | Lair:8   | Reached skill level 6 in Evocations
 35597 | Lair:8   | Found a burning altar of Makhleb.
 35602 | Lair:8   | Found a gateway to Hell.
 35612 | Lair:8   | Got a pair of distressingly furry boots
 35626 | Lair:8   | Identified the +0 pair of boots of Listlessness {Dex-5 Int+4} (You found it on level 8 of the Lair of Beasts)
 37479 | D:11     | Noticed Nessos
 38202 | D:12     | Reached skill level 9 in Dodging
 38562 | D:12     | Reached skill level 9 in Fighting
 39266 | D:13     | Found a gate to the Vaults.
 40001 | D:13     | Noticed Maurice
 40019 | D:13     | Reached skill level 10 in Dodging
 40068 | D:13     | Killed Maurice
 40265 | D:13     | Reached skill level 10 in Fighting
 40431 | D:13     | Reached skill level 3 in Armour
 40478 | D:13     | Noticed Harold
 40482 | D:13     | Killed Harold
 40672 | D:14     | Noticed Vidiiot's ghost (powerful DgTm)
 40880 | Elf:1    | Entered Level 1 of the Elven Halls
 40903 | Elf:1    | Found Awuiffao's Gadget Emporium.
 40905 | Elf:1    | Bought a wand of heal wounds (4) for 864 gold pieces
 40988 | Elf:1    | Reached skill level 4 in Armour
 41428 | Elf:1    | Reached XP level 15. HP: 126/126 MP: 7/32
 41487 | Elf:1    | Reached skill level 5 in Armour
 41849 | Elf:1    | Reached skill level 6 in Armour
 41859 | Elf:1    | Identified a +9 rod of the swarm (9/9) (You found it on level 13 of the Dungeon)
 41941 | Elf:1    | Noticed a sphinx
 41941 | Elf:1    | a frost giant changed into a sphinx
 41948 | Elf:1    | a sphinx changed into an azure jelly
 41977 | Elf:1    | Noticed a Shadow Fiend
 42623 | Elf:1    | Reached skill level 9 in Conjurations
 42769 | Elf:2    | Reached skill level 8 in Spellcasting
 43495 | Elf:2    | Reached skill level 10 in Air Magic
 43907 | Elf:3    | Entered Level 3 of the Elven Halls
 44223 | Elf:3    | Found Frapnuf's Armour Shoppe.
 44300 | Elf:1    | Bought a wand of disintegration (16) for 360 gold pieces
 44792 | Elf:3    | Reached skill level 10 in Conjurations
 44819 | Elf:3    | Reached skill level 9 in Spellcasting
 45131 | Elf:3    | Noticed a deep elf blademaster
 45139 | Elf:3    | Killed a deep elf blademaster
 45268 | Elf:3    | Noticed a deep elf master archer
 45272 | Elf:3    | Killed a deep elf master archer
 45347 | Elf:3    | Reached XP level 16. HP: 106/134 MP: 35/35
 45555 | Elf:3    | Noticed a deep elf master archer
 45577 | Elf:3    | Killed a deep elf master archer
 45577 | Elf:3    | Reached skill level 11 in Air Magic
 45582 | Elf:3    | Noticed a deep elf master archer
 45668 | Elf:3    | Killed a deep elf master archer
 45685 | Elf:3    | Reached skill level 11 in Conjurations
 45736 | Elf:3    | Killed from afar by a deep elf mage

Vanquished Creatures
  A deep elf blademaster (Elf:3)
  3 deep elf master archers (Elf:3)
  3 deep elf sorcerers (Elf:3)
  Gastronok (Lair:1)
  7 deep elf demonologists
  A stone giant (Orc:4)
  5 deep elf annihilators
  A dire elephant (Lair:8)
  5 deep elf death magi
  An ettin (Orc:3)
  5 deep elf high priests
  6 hydras
  Harold (D:13)
  A large abomination (Elf:2)
  A dancing weapon (Elf:2)
  3 ogre magi
  A tengu warrior (D:13)
  4 orc high priests
  2 catoblepae
  9 deep elf knights
  3 skeletal warriors (D:9)
  14 deep elf summoners
  A lindwurm (Lair:4)
  3 orc knights
  10 deep elf conjurers
  5 griffons
  8 hill giants
  2 ugly things
  6 orc sorcerers
  A wizard (Lair:8)
  A hell beast (Lair:8)
  2 manticores (D:11)
  A cyclops (D:13)
  3 elephants (Lair:6)
  A small abomination (Elf:2)
  Maurice (D:13)
  6 black mambas
  12 spiny frogs
  A torpor snail (Lair:5)
  A gargoyle (D:13)
  A demonic crawler (Elf:1)
  6 komodo dragons
  A black mamba (shapeshifter) (D:12)
  A kobold demonologist (D:13)
  5 yaktaurs (D:13)
  An elf (shapeshifter) (D:13)
  8 deep elf priests
  7 trolls
  4 blue devils
  A hellwing (Lair:8)
  A jumping spider (Elf:1)
  3 fire drakes
  4 red devils (Lair:8)
  A queen bee (Lair:4)
  A boulder beetle (Lair:6)
  27 blink frogs
  10 slime creatures
  11 two-headed ogres
  3 spectral orcs (Lair:5)
  3 redbacks (Elf:1)
  2 basilisks
  59 yaks
  A human (D:9)
  4 wyverns
  6 hippogriffs
  2 hungry ghosts
  A tarantella (Elf:2)
  21 deep elf magi
  11 wolves
  13 deep elf fighters
  4 wandering mushrooms
  A steam dragon (D:11)
  A wraith (D:13)
  2 vampire mosquitoes (D:12)
  11 porcupines
  6 swamp worms (Lair:6)
  17 water moccasins
  5 wargs
  4 phantoms
  3 hell hounds (Lair:8)
  2 ice beasts
  27 orc warriors
  2 yellow wasps
  A necrophage (D:9)
  3 boring beetles (Lair:8)
  A sky beast (D:11)
  5 big kobolds
  4 centaurs
  19 ogres
  19 crocodiles
  18 giant frogs
  A brain worm (D:13)
  Blork the orc (D:4)
  4 jellies
  7 scorpions
  2 eyes of draining
  25 killer bees
  2 hippogriff skeletons
  5 wights (D:7)
  2 goliath beetles
  8 crimson imps
  A yak skeleton (D:8)
  7 electric eels
  34 orc priests
  3 iguanas
  An orange rat (Elf:1)
  9 hounds
  43 orc wizards
  A black bear skeleton (D:8)
  A killer bee zombie (D:7)
  5 worker ants
  16 sheep
  Ijyb (D:2)
  2 hound skeletons
  A mottled dragon skeleton (D:12)
  An ogre skeleton (D:4)
  2 mummies (Ossuary)
  29 adders
  74 green rats
  8 gnolls (D:7)
  3 giant mites
  4 shadow imps
  2 worms
  2 iguana zombies
  6 giant geckos
  An ooze (D:4)
  192 orcs
  5 giant cockroaches
  21 hobgoblins
  14 jackals
  15 quokkas
  5 ball pythons
  22 bats
  7 giant newts
  2 giant spores
  2 gnoll skeletons (Ossuary)
  2 gnoll zombies (Ossuary)
  12 goblins
  A goblin skeleton (Ossuary)
  2 goblin zombies (Ossuary)
  3 hobgoblin skeletons
  3 hobgoblin zombies (Ossuary)
  29 kobolds
  4 kobold skeletons (Ossuary)
  2 kobold zombies (Ossuary)
  5 orc skeletons
  7 orc zombies
  18 rats
  6 rat skeletons
  4 rat zombies (Ossuary)
  27 ballistomycetes
  A crawling corpse (Elf:1)
  4 fungi (Lair:8)
  3 plants
1249 creatures vanquished.

Vanquished Creatures (collateral kills)
  A deep elf demonologist (Elf:1)
  An orc (Elf:1)
2 creatures vanquished.

Vanquished Creatures (others)
  A deep elf knight (Elf:1)
  A hill giant (Volcano)
  A two-headed ogre (Volcano)
  A deep elf mage (Elf:2)
  Menkaure (Ossuary)
  5 lost souls (Elf:2)
  6 killer bees
  An orc priest (D:13)
  3 worker ants
  A mummy (Ossuary)
  A gnoll zombie (Ossuary)
  A giant spore (D:10)
  A gnoll skeleton (Ossuary)
  3 goblin skeletons (Ossuary)
  A hobgoblin skeleton (Ossuary)
  A hobgoblin zombie (Ossuary)
  A kobold zombie (Ossuary)
  3 orc skeletons (Ossuary)
  An orc zombie (Ossuary)
  A rat skeleton (Ossuary)
  2 rat zombies (Ossuary)
  20 fungi
  13 plants
70 creatures vanquished.

Grand Total: 1321 creatures vanquished
